AoeStats
← Chaac1706

Black Forest

505763642Analyzed
1v1 RM · 23d ago on Sep 10, 2026· 48m 51s· 2 players
Game mode
Random Map
Map size
Tiny (2 player)
Population
200
Speed
Normal
Resources
Standard
Victory
Conquest
Starting age
Dark Age
Ending age
Imperial Age
RankedLock teamsTeams togetherTeam positionsShared explorationLock speedFull tech treeHidden civsTurbo modeCheats
Victory
Defeat
🇨🇴 Muisca · Colombia
1106
+16
🇺🇸 Bohemians · United States
1112
-16
Chaac1706
7:11 Loom
9:17 Feudal Age
10:34 Double-Bit Axe
11:11 Champi Runner
14:42 Forging
14:32 Horse Collar
16:00 Town Watch
16:50 Wheelbarrow
19:43 Castle Age
19:02 Stone Mining
19:04 Gold Mining
19:47 Scale Mail Armor
20:10 Fletching
21:59 Squires
29:32 Imperial Age
31:06 Bodkin Arrow
31:48 Chain Mail Armor
34:30 Conscription
34:16 Huaracas
36:41 Thumb Ring
35:57 Crossbowman
38:13 Arbalester
38:34 Elite Skirmisher
38:51 Champi Warrior
40:34 Iron Casting
40:29 Plate Mail Armor
41:25 Bracer
42:47 Hand Cart
42:18 Town Watch
42:47 Padded Archer Armor
45:40 Plate Mail Armor
46:24 Leather Archer Armor
48:35 Elite Champi Warrior
cast_iron_63
0:25 Loom
13:19 Feudal Age
14:55 Fletching
17:07 Castle Age
16:23 Double-Bit Axe
16:33 Horse Collar
17:39 Elite Skirmisher
19:59 Town Watch
30:20 Imperial Age
30:16 Wheelbarrow
31:29 Chemistry
32:03 Conscription
35:36 Houfnice
39:05 Bodkin Arrow
43:13 Ballistics
42:38 Crossbowman
43:32 Bracer
45:59 Padded Archer Armor
48:01 Leather Archer Armor
Connection lost

Rejoining the realm…

Still unreachable

The connection could not be restored.

Session expired

The server has moved on; the page needs a fresh start.